 Dungeon Crawl Stone Soup version 0.27-a0-1317-gd1140b374c (webtiles) character file.

Game seed: 9019867933912205237

807 Bnni the Poker (level 8, 0/85 HPs)
             Began as a Formicid Fighter on June 21, 2021.
             Was a Believer of Hepliaklqana.
             Slain by an adder (3 damage)
             ... on level 5 of the Dungeon.
             The game lasted 00:20:09 (3725 turns).

Bnni the Poker (Formicid Fighter)                   Turns: 3725, Time: 00:20:10

Health: 0/85       AC: 24    Str: 23    XL:     8   Next: 14%
Magic:  8/8        EV:  2    Int:  8    God:    Hepliaklqana [**....]
Gold:   174        SH:  0    Dex: 10    Spells: 7/7 levels left

rFire    . . .     SeeInvis .   e - +2 dagger (vamp)
rCold    . . .     Faith    .   (no shield)
rNeg     + + +     Spirit   .   (armour currently unavailable)
rPois    +         Reflect  .   (helmet unavailable)
rElec    .         Harm     .   (cloak currently unavailable)
rCorr    .         Rampage  .   (gloves currently unavailable)
Will     .....                  (boots currently unavailable)
Stlth    +.........             (no amulet)
HPRegen  0.24/turn              (no ring)
MPRegen  0.11/turn              (no ring)

@: lethally poisoned (0 -> -1), tree-form
A: stationary, stasis, torment immunity, boosted hp, reduced essence, permanent
stasis, dig shafts and tunnels, (antennae 3), four strong arms
a: Renounce Religion, Recall Ancestor, Ancestor Identity


You were on level 5 of the Dungeon.
You worshipped Hepliaklqana.
Hepliaklqana was pleased with you.
You were a tree.
You visited 1 branch of the dungeon, and saw 5 of its levels.
You also visited: Sewer.

You collected 174 gold pieces.

Inventory:

Hand Weapons
 a - a +0 war axe of flaming
 e - a +2 vampiric dagger (weapon)
Missiles
 d - a curare-tipped dart
 r - a throwing net
 s - 5 poisoned darts
Armour
 b - a +0 scale mail (melded)
 c - a +0 kite shield
 g - a +1 pair of boots of rampaging (melded)
Scrolls
 h - a scroll of enchant weapon
 i - 2 scrolls of holy word
 k - 5 scrolls of teleportation
 l - a scroll of fear
Potions
 j - 3 potions of haste
 m - 2 potions of magic
 p - a potion of lignification


   Skills:
 + Level 6.3 Fighting
 - Level 3.3(5.2) Axes
 * Level 6.3(6.7) Polearms
 - Level 3.3 Armour
 - Level 3.6 Shields


You had 7 spell levels left.
You didn't know any spells.
Your spell library contained the following spells:

 Spells                   Type           Power      Damage    Failure   Level
 Animate Skeleton         Necr           0%         N/A       41%         1
 Apportation              Tloc           0%         N/A       41%         1
 Corona                   Hex            0%         N/A       41%         1
 Summon Small Mammal      Summ           0%         N/A       41%         1
 Poisonous Vapours        Pois/Air       0%         N/A       54%         2
 Conjure Flame            Conj/Fire      0%         6-21      78%         3
 Mephitic Cloud           Conj/Pois/Air  0%         N/A       78%         3
 Freezing Cloud           Conj/Ice/Air   0%         6-21      100%        5


Dungeon Overview and Level Annotations

Branches:
Dungeon (5/15)              Sewer (visited)
 Temple: D:4-7

Altars:
Hepliaklqana
Okawaru
Zin

Shops:
D:2 =   D:4 *


Innate Abilities, Weirdness & Mutations

You are a tree.
Your roots penetrate the ground, keeping you stationary.
You cannot be teleported.
You are immune to unholy pain and torment.
Your maximum health is greatly increased.
Your equipment is partially melded.
Your life essence is reduced to manifest your ancestor. (-10% HP)
You cannot be hasted, slowed, berserked, paralysed or teleported.
You can dig through walls and to a lower floor.
((You have a pair of large antennae on your head. (SInv)))
Your four strong arms can wield two-handed weapons with a shield.


Message History

* * * LOW HITPOINT WARNING * * *
You are lethally poisoned!
The adder poisons you!
It was a potion of lignification.
You turn into a tree.
Your +1 pair of boots of rampaging melds into your body.
Your +0 scale mail melds into your body.
You no longer feel able to rampage towards enemies.
Your roots penetrate the ground.
You feel sick.
The ufetubus hits you but does no damage. x2
The adder bites you but does no damage.
It was a potion of invisibility.
You fade into invisibility!
You feel sick.
The ufetubus hits you but does no damage. x2
The adder bites you but does no damage.
The ufetubus hits you but does no damage. x2
You are very lightly contaminated with residual magic.
It was a potion of cancellation.
Your magical effects are unravelling.
You feel magically purged.
Your magical contamination has completely faded away.
You feel less wooden.
Your +1 pair of boots of rampaging unmelds from your body.
Your +0 scale mail unmelds from your body.
You feel ready to rampage towards enemies.
You flicker back into view.
* * * LOW HITPOINT WARNING * * *
You feel sick. The adder bites you but does no damage.
The ufetubus hits you but does no damage. x2
Okay, then.
Really quaff the potion of lignification?
You turn into a tree.
Your +1 pair of boots of rampaging melds into your body.
Your +0 scale mail melds into your body.
You no longer feel able to rampage towards enemies.
Your roots penetrate the ground.
You feel sick. The adder bites you but does no damage.
The ufetubus hits you but does no damage. x2
The adder bites you.
You die...

........................
............†...........
........................
######..###....########.
#########..###....#
.......'....#.....#
.......#....#.....#
.......#....#.....#
#########.♣##..##.#
###.######5S##..#
...........O....+
................#
................#
................#
................#
#################


You could see an ogre, an adder and an ufetubus.

Vanquished Creatures
  A water moccasin (D:4)
  A black bear (D:5)
  An ogre (D:3)
  A kobold brigand (Sewer)
  8 adders
  A river rat (Sewer)
  A worm (Sewer)
  3 dart slugs
  11 ball pythons
  2 bats
  4 endoplasms
  5 giant cockroaches
  3 goblins
  6 hobgoblins
  9 jackals
  2 quokkas
  7 frilled lizards
  9 kobolds
  6 rats
81 creatures vanquished.

Vanquished Creatures (collateral kills)
  An ogre (D:5)
  A scorpion (D:4)
  3 hounds
  An iguana (D:4)
  A scorpion zombie (D:5)
  A dart slug (D:2)
  A bat (D:2)
  3 endoplasms
  3 hobgoblins
  3 jackals
  A kobold (D:4)
  A ball python (D:4)
20 creatures vanquished.

Vanquished Creatures (others)
  A hexer (D:5)
  An ancestor (D:2)
2 creatures vanquished.

Grand Total: 103 creatures vanquished

Notes
Turn   | Place    | Note
-------+----------+-------------------------------------------
     0 | D:1      | Bnni the Formicid Fighter began the quest for the Orb.
     0 | D:1      | Reached XP level 1. HP: 18/18 MP: 1/1
    55 | D:1      | Found a faded altar of an unknown god.
   112 | D:1      | Became a worshipper of Hepliaklqana the Forgotten
   112 | D:1      | Reached * piety under Hepliaklqana
   214 | D:1      | Reached XP level 2. HP: 17/21 MP: 2/2
   654 | D:1      | Reached XP level 3. HP: 27/27 MP: 3/3
  1036 | D:2      | Found Hutaroz's Jewellery Emporium.
  1220 | D:2      | Reached ** piety under Hepliaklqana
  1221 | D:2      | Remembered your ancestor Antboy as a hexer
  1223 | D:2      | Reached XP level 4. HP: 33/33 MP: 4/4
  1368 | D:3      | Reached skill level 1 in Polearms
  1407 | D:3      | Found a glowing drain.
  1493 | Sewer    | Entered a sewer
  1581 | Sewer    | Reached XP level 5. HP: 31/37 MP: 5/5
  2144 | Sewer    | Noticed a kobold brigand
  2151 | Sewer    | Killed a kobold brigand
  2152 | Sewer    | Reached XP level 6. HP: 31/44 MP: 6/6
  2413 | D:3      | Found an iron altar of Okawaru.
  2460 | D:3      | Noticed an ogre
  2467 | D:3      | Killed an ogre
  2468 | D:3      | Reached skill level 5 in Fighting
  2859 | D:4      | Found Zin's Purification Station.
  2864 | D:4      | Found a glowing silver altar of Zin.
  2878 | D:4      | Reached XP level 7. HP: 42/50 MP: 7/7
  3473 | D:5      | Entered Level 5 of the Dungeon
  3476 | D:5      | Noticed a water moccasin
  3486 | D:5      | Reached skill level 5 in Polearms
  3499 | D:4      | Killed a water moccasin
  3657 | D:5      | Reached XP level 8. HP: 57/57 MP: 8/8
  3724 | D:5      | HP: 2/57 [poisoned by an adder]
  3725 | D:5      | Slain by an adder

Illustrated notes

Levels and vault maps discovered:
D:1:      minmay_arrival_stair_chambers, layout_loops_cross,
          shapermc_ecumenical_altar_starsandcircs,
          hangedman_abyss_or_decor_stabs
D:2:      layout_rooms, serial_shops, shop, serial_bayou_ford_a
D:3:      layout_loops_ring, okawaru_gym_becter, gup_sewer_entry_glass,
          moated_statue, columned_hall_lemuel
D:4:      layout_basic, zin_purify
D:5:      layout_gridville, lemuel_crystal_altar, gammafunk_ghost_hive,
          nicolae_specific_store, minmay_bent, uniq_prince_ribbit1

Skill      XL: |  1  2  3  4  5  6  7 |
---------------+----------------------+-----
Axes           | 3 |  3.3
Fighting       | 4 5 6 |  6.3
Polearms       | 2 3 4 6 |  6.3
Armour         | |  3.3
Shields        | |  3.6

Action                   |  1- 3 |  4- 6 |  7- 9 || total
-------------------------+-------+-------+-------++-------
Melee: War axe           |    18 |       |       ||    18
       Dagger            |    72 |   227 |    56 ||   355
Throw: Dart              |       |     1 |       ||     1
Invok: Ancestor Identity |     1 |       |       ||     1
       Ancestor Life: He |     1 |       |       ||     1
       Recall Ancestor   |       |       |     1 ||     1
  Use: Scroll            |       |     9 |     3 ||    12
       Potion            |       |     3 |     4 ||     7
 Stab: Confused          |       |     2 |     1 ||     3
       Distracted        |       |       |     1 ||     1
Armor: Scale mail        |    55 |    92 |    34 ||   181
       Skin              |       |       |    11 ||    11
Dodge: Dodged            |    45 |    83 |    31 ||   159

Table legend: (Time is in decaauts)
 A = Elapsed time spent in this place.
 B = Non-inter-level travel time spent in this place.
 C = Inter-level travel time spent in this place.
 D = Time resting spent in this place.
 E = Time spent auto-exploring this place.
 F = Levels seen in this place.
 G = Mean time per level.
                   A        B        C        D        E       F      G
               +--------+--------+--------+--------+--------+-----+--------+
         Total |   3815 |   3709 |    106 |     30 |   2817 |   6 |  635.8 |
       Dungeon |   3071 |   2965 |    106 |     30 |   2339 |   5 |  614.2 |
         Sewer |    744 |    744 |      0 |      0 |    477 |   1 |  744.0 |
               +--------+--------+--------+--------+--------+-----+--------+

Top non-repeatable levels by time:
     D:1: 864 daAuts
   Sewer: 744 daAuts
     D:4: 731 daAuts
     D:3: 721 daAuts
     D:2: 514 daAuts
     D:5: 239 daAuts
